 Dungeon Crawl Stone Soup version 0.23.0 (webtiles) character file.

Game seed: 1887921709886528639

2894 MovingMist the Skirmisher (level 9, -3/59 HPs)
             Began as a Gargoyle Fighter on Feb 18, 2019.
             Was a Follower of Okawaru.
             Killed from afar by Maurice (20 damage)
             ... with a wand of acid (3)
             ... on level 8 of the Dungeon.
             The game lasted 00:18:27 (5916 turns).

MovingMist the Skirmisher (Gargoyle Fighter)        Turns: 5916, Time: 00:18:28

Health: -3/59      AC: 11    Str: 20    XL:     9   Next: 77%
Magic:  9/9        EV:  8    Int:  9    God:    Okawaru [*.....]
Gold:   442        SH: 15    Dex: 12    Spells: 8/8 levels left

rFire    + . .     SeeInvis .   w - +4 war axe
rCold    + + .     Gourm    .   h - +2 large shield {rC+}
rNeg     + . .     Faith    .   c - +0 chain mail
rPois    ∞         Spirit   .   m - +0 helmet
rElec    +         Reflect  .   g - scarf {rC+ rF+}
rCorr    .         Harm     .   (no gloves)
MR       .....                  p - +0 pair of boots
Stlth    ..........             (no amulet)
HPRegen  0.19/turn              x - +1 ring of evasion
MPRegen  0.11/turn              (no ring)

@: corroded
A: negative energy resistance 1, electricity resistance, unbreathing,
petrification resistance, rot immunity, AC +6
a: Heroism, Renounce Religion


You were on level 8 of the Dungeon.
You worshipped Okawaru.
Okawaru was aware of your devotion.
You were hungry.

You visited 2 branches of the dungeon, and saw 9 of its levels.
You also visited: Ossuary.

You collected 442 gold pieces.

Inventory:

Hand Weapons
 a - a +0 flail
 i - a +2 hand axe of electrocution
 w - a +4 war axe (weapon)
Armour
 c - a +0 chain mail (worn)
 g - a scarf of resistance (worn)
 h - a +2 large shield of cold resistance (worn)
 m - a +0 helmet (worn)
 p - a +0 pair of boots (worn)
Jewellery
 x - a +1 ring of evasion (left hand)
Wands
 y - a wand of disintegration (36)
Scrolls
 b - a scroll of holy word {unknown}
 e - 5 scrolls of remove curse {unknown}
 j - 7 scrolls of identify
 q - 2 scrolls of enchant armour {unknown}
 s - a scroll of fog {unknown}
 t - 2 scrolls of blinking {unknown}
 u - 5 scrolls of enchant weapon {unknown}
 A - 2 scrolls of teleportation {unknown}
 B - a scroll of random uselessness {unknown}
 D - a scroll of vulnerability {unknown}
Potions
 d - 2 potions of might
 l - 3 potions of brilliance
 n - 3 potions of haste {unknown}
 r - a potion of flight {unknown}
 v - 2 potions of mutation {unknown}
 z - a potion of invisibility
 C - a potion of lignification {unknown}
 E - a potion of heal wounds {unknown}
Comestibles
 f - 16 rations
 o - 12 chunks of flesh


   Skills:
 + Level 7.9 Fighting
 - Level 2.0 Maces & Flails
 + Level 7.9 Armour
 * Level 7.8 Dodging
 - Level 3.2 Shields


You had 8 spell levels left.
You didn't know any spells.
Your spell library contained the following spells:

 Spells                   Type           Power        Failure   Level  Hunger
 Summon Small Mammal      Summ           #...         100%        1    ##.....
 Call Imp                 Summ           #.......     100%        2    ###....
 Call Canine Familiar     Summ           #.......     100%        3    ####...
 Summon Guardian Golem    Hex/Summ       #.......     100%        3    ####...
 Summon Ice Beast         Ice/Summ       #.......     100%        4    #####..
 Summon Lightning Spire   Summ/Air       #.......     100%        4    #####..


Dungeon Overview and Level Annotations

Branches:
Dungeon (8/15)             Temple (1/1) D:6
   Lair: D:8-11

Altars:
Ashenzari
Cheibriados
Dithmenos
Elyvilon
Nemelex Xobeh
Okawaru
Qazlal
Ru
Sif Muna
Trog
Vehumet
Wu Jian
Xom
Yredelemnul
The Shining One

Shops:
D:5 [   D:6 (

Annotations:
D:8 Maurice


Innate Abilities, Weirdness & Mutations

You are resistant to torment.
Your stone body is resilient. (AC +6)
You are immune to poison.
You resist negative energy. (rN+)
You are resistant to electric shocks. (rElec)
You can survive without breathing.
You are immune to petrification.
You are immune to rotting.


Message History

Maurice is lightly wounded.
You block Maurice's attack.
Maurice gestures wildly while chanting.
Maurice puts on a burst of speed!
You slash Maurice!
Maurice is moderately wounded.
Maurice zaps a wand.
The bolt of acid misses you.
You slash Maurice!
Maurice is heavily wounded.
Maurice zaps a wand.
The bolt of acid hits you!
* * * LOW HITPOINT WARNING * * *
You are splashed with acid!
* * * LOW HITPOINT WARNING * * *
Maurice closely misses you.
You feel better. You block Maurice's attack.
You feel better. You block Maurice's attack.
You hit Maurice but do no damage.
Maurice is heavily wounded.
Maurice zaps a wand.
The bolt of acid hits you!!
You die...

######### ........#
# ........# #.#
........# ...#
........#####....#.
........≈..@@s.....
........#####....#.
........# ...#
........# #.#
........# #
........#
........########.#
.................#
........##........


You could see Maurice and a scorpion.

Vanquished Creatures
  A gargoyle (D:7)
  2 water moccasins
  2 phantoms
  2 ice beasts
  2 sky beasts
  2 ogres
  3 centaurs
  2 bullfrogs
  A wyvern skeleton (D:6)
  A scorpion (D:4)
  A howler monkey (D:7)
  A bullfrog zombie (D:5)
  7 centaur zombies
  A hound (D:5)
  2 jellies
  An orc priest (D:8)
  2 iguanas
  7 orc wizards
  2 worker ants
  A big kobold zombie (Ossuary)
  7 mummies
  A hound skeleton (D:7)
  A worker ant zombie (D:7)
  7 gnolls (D:7)
  6 adders
  3 howler monkey skeletons
  A shadow imp (D:6)
  An ooze (D:5)
  An adder zombie (D:5)
  2 adder skeletons
  6 worms
  2 dart slugs
  3 leopard geckos
  18 orcs
  3 ball pythons
  A giant cockroach (D:1)
  21 goblins
  6 hobgoblins
  16 jackals
  A quokka (D:7)
  7 bats
  5 frilled lizards
  A hobgoblin zombie (Ossuary)
  8 kobolds
  A quokka skeleton (D:7)
  7 rats
179 creatures vanquished.

Vanquished Creatures (others)
  A sky beast (D:8)
  A kobold (D:2)
2 creatures vanquished.

Grand Total: 181 creatures vanquished

Notes
Turn   | Place    | Note
-------+----------+-------------------------------------------
     0 | D:1      | MovingMist the Gargoyle Fighter began the quest for the
                  | Orb.
     0 | D:1      | Reached XP level 1. HP: 14/14 MP: 1/1
   158 | D:1      | Reached XP level 2. HP: 18/19 MP: 2/2
   196 | D:1      | Reached skill level 1 in Dodging
   582 | D:2      | Reached XP level 3. HP: 23/23 MP: 3/3
   994 | D:2      | Reached XP level 4. HP: 19/29 MP: 4/4
  1180 | D:2      | Found a bloodstained altar of Trog.
  1592 | D:3      | Reached XP level 5. HP: 33/33 MP: 5/5
  1981 | D:3      | Found a sacrificial altar of Ru.
  2166 | D:4      | Found a shadowy altar of Dithmenos.
  2452 | D:4      | Found a radiant altar of Vehumet.
  2591 | D:5      | Entered Level 5 of the Dungeon
  2617 | D:5      | Found a sand-covered staircase.
  2625 | D:5      | Reached XP level 6. HP: 14/39 MP: 6/6
  2794 | Ossuary  | Entered an ossuary
  2978 | Ossuary  | Reached skill level 5 in Armour
  2982 | Ossuary  | Reached skill level 5 in Fighting
  2982 | Ossuary  | Reached XP level 7. HP: 7/44 MP: 7/7
  2993 | Ossuary  | HP: 2/44 [mummy (8)]
  3410 | D:5      | Found a sparkling altar of Nemelex Xobeh.
  3580 | D:5      | Found Doostibbi's Armour Shoppe.
  3684 | D:5      | Reached XP level 8. HP: 39/51 MP: 8/8
  3692 | D:5      | Reached skill level 5 in Dodging
  4250 | D:6      | Found a shattered altar of Ashenzari.
  4408 | D:6      | Found Aroin's Antique Weapon Shoppe.
  4465 | D:6      | Reached XP level 9. HP: 48/56 MP: 9/9
  4482 | D:6      | Found a basalt altar of Yredelemnul.
  4520 | D:6      | Found a staircase to the Ecumenical Temple.
  4654 | Temple   | Entered the Ecumenical Temple
  4685 | Temple   | Became a worshipper of Warmaster Okawaru
  5035 | D:7      | Noticed a gargoyle
  5046 | D:7      | Killed a gargoyle
  5327 | D:7      | Reached * piety under Okawaru
  5439 | D:7      | Found a bloodstained altar of Trog.
  5892 | D:8      | Noticed Maurice
  5913 | D:8      | HP: 1/59 [acid (12)]
  5916 | D:8      | Killed from afar by Maurice

Skill      XL: |  1  2  3  4  5  6  7  8  9 |
---------------+----------------------------+-----
Dodging        | 1 2 3 4 6 7 |  7.8
Armour         | 4 5 6 7 |  7.9
Fighting       | 4 5 6 7 |  7.9
Maces & Flails | |  2.0
Shields        | |  3.2

Action                   |  1- 3 |  4- 6 |  7- 9 || total
-------------------------+-------+-------+-------++-------
Melee: Flail             |    24 |       |       ||    24
       Dagger            |    38 |       |       ||    38
       Hand axe          |    52 |    85 |       ||   137
       Spear             |     4 |       |       ||     4
       War axe           |       |   115 |   374 ||   489
  Use: Scroll            |     2 |     5 |       ||     7
       Potion            |       |       |     7 ||     7
 Stab: Invisible         |       |       |     1 ||     1
  Eat: Chunk             |       |     6 |     8 ||    14
       Ration            |       |     1 |       ||     1
Armor: Scale mail        |    57 |    22 |       ||    79
       Chain mail        |       |    72 |   194 ||   266
Dodge: Dodged            |    40 |    39 |    82 ||   161
Block: Shield            |    58 |    13 |       ||    71
       Large shield      |       |   196 |   361 ||   557
